 Dungeon Crawl Stone Soup version 0.32-a0-814-g0968bab981 (webtiles) character file.

Game seed: 12781471164978063013

30 cforsyth the Firebug (level 3, -5/31 HPs)
             Began as a Mountain Dwarf Cinder Acolyte on Mar 22, 2024.
             Was a High Priest of Ignis.
             Slain by a gnoll
             ... wielding a +0 flail
              (10 damage)
             ... on level 2 of the Dungeon.
             The game lasted 00:00:55 (512 turns).

cforsyth the Firebug (Mountain Dwarf Cinder Acolyte) Turns: 512, Time: 00:00:55

Health: -5/31      AC:  2    Str: 18    XL:     3   Next: 3%
Magic:  5/5        EV: 10    Int: 14    God:    Ignis [*****.]
Gold:   31         SH:  0    Dex:  5    Spells: 2/4 levels left

rFire   + . .        a - -1 hand axe (flame)
rCold   . . .        (no shield)
rNeg    . . .        b - +0 robe
rPois   .            (no helmet)
rElec   .            (no cloak)
rCorr   .            (no gloves)
SInv    .            (no boots)
Will    .....        (no amulet)
Stlth   +            (no ring)
HPRegen 0.25/turn    (no ring)
MPRegen 0.09/turn

%: no passive effects
@: no status effects
A: runic magic, artefact enchanting
a: Renounce Religion, Fiery Armour, Foxfire Swarm, Rising Flame


You were on level 2 of the Dungeon.
You worshipped Ignis.
Ignis was extremely pleased with you.
You visited 1 branch of the dungeon, and saw 2 of its levels.

You collected 31 gold pieces.


Innate Abilities, Weirdness & Mutations

Your spellcasting is much less encumbered by armour.
You can use scrolls of enchantment on lesser artefacts.


   Skills:
 + Level 3.6 Fighting
 + Level 3.9 Axes
 + Level 1.1 Armour
 + Level 1.3 Spellcasting
 + Level 4.0 Fire Magic


You had 2 spell levels left.
You knew the following spells:

 Your Spells              Type           Power      Damage    Failure   Level
X - Scorch                Fire           24%        2d6       8%          2

Your spell library contained the following spells:

 Spells                   Type           Power      Damage    Failure   Level


Inventory:

Hand Weapons
 a - a -1 hand axe of flaming (weapon)
Armour
 b - a +0 robe (worn)
 e - a +0 cloak
Magical Staves
 f - a staff of cold {!a}
Scrolls
 h - a scroll of vulnerability {unknown}
 i - a scroll of identify {unknown}
Potions
 c - a potion of heal wounds {unknown}
 d - a potion of brilliance {unknown}
 g - a potion of enlightenment {unknown}

Dungeon Overview and Level Annotations

Branches:
Dungeon (2/15)

Altars:

▒▒ ▒▒
▒▒..▒▒▒▒▒..▒▒
▒▒......g....▒▒
+$..⌠b.@g.⌠....
▒▒..$........▒▒
▒▒..▒▒▒▒▒..▒▒
▒▒ ▒▒


You could see 2 gnolls and a bat.


Message History

The gnoll is almost dead.
The gnoll hits you with a +0 whip.
You hit the gnoll. You burn the gnoll.
You kill the gnoll!
Your Armour skill increases to level 1!
Your Fire Magic skill increases to level 4!
You have reached level 3!
Your experience leads to an increase in your attributes!
Increase (S)trength, (I)ntelligence, or (D)exterity?
You feel stronger. x2
HP restored.
Magic restored.
Done exploring.
Done exploring.
Done exploring.
Done exploring.
Done exploring.
You climb downwards.
The bat closely misses you. The bat hits you.
The gnoll hits you with a +0 flail! x2
* * * LOW HITPOINT WARNING * * *
There is a stone staircase leading up here.
Okay, then.
Okay, then.
As you read the scroll labelled MEOROAX CEPT, it crumbles to dust.
It is a scroll of amnesia.
Okay, then.
The bat hits you but does no damage. The gnoll barely misses you.
The gnoll hits you with a +0 flail!
You die...
Ignis goes out, and joins you in death.

Skill      XL: |  1  2 |
---------------+-------+-----
Armour         | 1 |  1.1
Fire Magic     | 4 |  4.0
Fighting       | |  3.6
Axes           | |  3.9
Spellcasting   | |  1.3

Action                     || total
---------------------------++-------
  Melee: Hand axe          ||    42
   Cast: Scorch            ||     2
    Use: Scroll            ||     1
 Armour: Robe              ||    34
  Dodge: Dodged            ||    20

Levels and vault maps discovered:
D:1:      wander_arrival_desolate, layout_rooms, minmay_split_cup_large
D:2:      layout_loops_ring, serial_forest, infiniplex_forest_end_2,
          infiniplex_forest_straight_3, infiniplex_forest_lined_room_2,
          infiniplex_forest_lined_3_way, infiniplex_forest_straight_4,
          infiniplex_forest_pool, infiniplex_forest_clump_C,
          infiniplex_forest_end_3, infiniplex_forest_lined_room_,
          grunt_ministairs_15, minmay_misc_feat_iff, grunt_decor_fettered

Notes
Turn   | Place    | Note
-------+----------+-------------------------------------------
     0 | D:1      | cforsyth the Mountain Dwarf Cinder Acolyte began the quest
                  | for the Orb.
     0 | D:1      | Reached XP level 1. HP: 19/19 MP: 2/2
   154 | D:1      | Reached XP level 2. HP: 20/26 MP: 3/3
   298 | D:1      | Learned a level 2 spell: Scorch
   472 | D:1      | Reached skill level 1 in Armour
   472 | D:1      | Reached skill level 4 in Fire Magic
   472 | D:1      | Reached XP level 3. HP: 21/31 MP: 1/5
   512 | D:2      | Slain by a gnoll

Vanquished Creatures
  A gnoll (D:1)
  A ball python (D:1)
  3 endoplasms (D:1)
  A giant cockroach (D:1)
  3 goblins (D:1)
  A hobgoblin (D:1)
  A quokka (D:1)
  A bat (D:1)
  A frilled lizard (D:1)
  4 kobolds (D:1)
  2 rats
19 creatures vanquished.

Table legend: (Time is in decaauts)
 A = Elapsed time spent in this place.
 B = Non-inter-level travel time spent in this place.
 C = Inter-level travel time spent in this place.
 D = Time resting spent in this place.
 E = Time spent auto-exploring this place.
 F = Levels seen in this place.
 G = Mean time per level.
                   A        B        C        D        E       F      G
               +--------+--------+--------+--------+--------+-----+--------+
         Total |    517 |    506 |     11 |      0 |    394 |   2 |  258.5 |
       Dungeon |    517 |    506 |     11 |      0 |    394 |   2 |  258.5 |
               +--------+--------+--------+--------+--------+-----+--------+

Top non-repeatable levels by time:
     D:1: 513 daAuts
     D:2: 4 daAuts

Table legend:
 A = Non-vault XP
 B = Vault XP
 C = Vault XP percentage of total XP
 D = Non-vault monster count
 E = Vault monster count
 F = Vault count percentage of total count
                 A         B        C        D         E       F
            +---------+---------+-------+---------+---------+-------
      Total |      35 |       8 |  18.6 |      14 |       5 |  26.3
            +---------+---------+-------+---------+---------+-------
        D:1 |      35 |       7 |  16.7 |      14 |       4 |  22.2
        D:2 |       0 |       1 | 100.0 |       0 |       1 | 100.0
            +---------+---------+-------+---------+---------+-------
